Map: Tropical Sacrifice

Players

Rhizer - Winner!

  • Race: Protoss Protoss
  • Spawn Location: 7:00

Reaper

  • Race: Zerg Zerg
  • Spawn Location: 1:00

Event: DreamHack SC2 Masters 2022 Atlanta (Offline)

VOD

Have the link to the VOD?

Description

Time

  • Played on: Nov. 18, 2022, 1:57 p.m.
  • Length: 14:04

All games in this series

Show
View Real Time Build Order
Export as new Build Order

Rhizer Protoss - Winner!

Build Orders: 1 Gate Expand, Oracle Opening, Zealot Archon 

Get SALT Encoding   

  12  0:00  Probe  
  13  0:12  Probe  
  14  0:19  Pylon  
  14  0:24  Probe  
  15  0:37  Probe (Chrono Boost)  
  15  0:40  Gateway  
  16  0:46  Probe (Chrono Boost)  
  16  0:49  Assimilator  
  17  0:51  Probe (Chrono Boost)  
  18  1:03  Probe  
  19  1:15  Probe  
  20  1:28  Nexus  
  20  1:37  Cybernetics Core  
  20  1:40  Probe  
  21  1:48  Assimilator  
  21  1:52  Probe  
  22  1:56  Pylon  
  22  2:04  Probe (Chrono Boost)  
  23  2:14  Adept  
  25  2:16  Probe (Chrono Boost)  
  25  2:21  Stargate  
  26  2:25  Probe (Chrono Boost)  
  26  2:28  Warp Gate  
  27  2:30  Probe (Chrono Boost)  
  28  2:42  Probe (Chrono Boost)  
  30  2:45  Probe (Chrono Boost)  
  30  2:51  Probe (Chrono Boost)  
  31  2:52  Stalker  
  31  2:54  Probe (Chrono Boost)  
  31  2:57  Probe  
  34  3:02  Oracle (Chrono Boost)  
  34  3:04  Probe  
  39  3:09  Probe  
  40  3:15  Pylon  
  40  3:16  Probe  
  41  3:23  Gateway  
  41  3:24  Probe  
  42  3:29  Oracle (Chrono Boost)  
  42  3:33  Probe  
  46  3:36  Probe  
  46  3:40  Adept  
  49  3:45  Probe  
  49  3:46  Pylon  
  50  3:50  Probe  
  51  3:57  Probe  
  51  4:02  Nexus  
  52  4:04  Probe  
  52  4:07  Oracle (Chrono Boost)  
  56  4:10  Probe  
  57  4:17  Probe  
  57  4:21  Shield Battery  
  57  4:22  Stalker  
  60  4:26  Pylon  
  60  4:28  Probe  
  60  4:29  Probe  
  62  4:35  Assimilator  
  62  4:36  Assimilator  
  62  4:43  Twilight Council  
  62  4:44  Probe x2  
  64  4:48  Forge  
  64  4:56  Probe x2  
  64  4:59  Gateway  
  66  5:01  Gateway  
  66  5:06  Protoss Ground Weapons Level 1 (Chrono Boost)  
  66  5:08  Probe x2  
  68  5:18  Probe, Stalker x2  
  68  5:20  Probe x2  
  75  5:22  Blink (Chrono Boost)  
  75  5:30  Probe  
  75  5:32  Probe x2  
  78  5:42  Probe, Stalker x2  
  81  5:44  Probe  
  81  5:45  Probe  
  81  5:47  Pylon  
  81  5:49  Pylon  
  81  5:54  Probe  
  81  5:56  Probe  
  83  6:04  Stalker  
  83  6:07  Photon Cannon  
  83  6:08  Gateway, Probe x2  
  83  6:09  Probe  
  83  6:11  Gateway  
  88  6:13  Pylon  
  88  6:15  Assimilator  
  88  6:17  Gateway, Assimilator  
  88  6:20  Templar Archives  
  88  6:24  Stalker  
  90  6:26  Stalker  
  90  6:28  Probe x2  
  94  6:33  Pylon  
  94  6:37  Forge  
  94  6:39  Probe  
  95  6:42  Gateway  
  95  6:43  Pylon  
  95  6:49  Cybernetics Core  
  95  6:51  Gateway  
  95  6:52  Pylon  
  95  6:53  Charge (Chrono Boost)  
  95  7:02  Pylon  
  95  7:04  Protoss Ground Weapons Level 2 (Chrono Boost)  
  95  7:06  Stalker x2  
  99  7:09  Nexus  
  99  7:17  Pylon  
  99  7:18  Probe x3, Protoss Ground Armor Level 1 (Chrono Boost)  
  102  7:30  Probe x2  
  102  7:31  Probe  
  109  7:38  Void Ray (Chrono Boost), Photon Cannon  
  109  7:41  Shield Battery, High Templar x4  
  109  7:42  Photon Cannon, Probe  
  118  7:44  Photon Cannon  
  118  7:45  Archon x2  
  118  7:47  Shield Battery  
  118  7:56  Pylon  
  118  7:59  Stalker x4  
  126  8:11  Stalker  
  118  8:13  Stalker x2  
  118  8:14  Stalker x2  
  118  8:21  Probe  
  113  8:28  Stalker x3  
  113  8:30  Stalker  
  110  8:43  Stalker x4  
  110  8:46  Stalker  
  120  8:49  Probe  
  120  8:53  Probe, Void Ray (Chrono Boost)  
  114  8:55  Probe  
  114  8:56  Probe  
  114  8:59  Stalker x3  
  114  9:01  Probe  
  123  9:03  Psionic Storm  
  123  9:11  Robotics Facility  
  123  9:13  Assimilator  
  123  9:14  Probe  
  123  9:16  Assimilator  
  124  9:18  Protoss Shields Level 1 (Chrono Boost)  
  124  9:26  Zealot x4  
  136  9:33  Shield Battery, Void Ray (Chrono Boost)  
  136  9:35  Pylon  
  136  9:40  Protoss Ground Weapons Level 3 (Chrono Boost)  
  136  9:48  Robotics Facility  
  136  9:53  High Templar  
  136  9:55  Zealot x3  
  136  9:56  Zealot x4  
  152  10:00  Pylon  
  152  10:01  Observer (Chrono Boost)  
  153  10:11  Nexus  
  153  10:13  High Templar  
  153  10:14  Immortal (Chrono Boost)  
  155  10:15  High Templar  
  155  10:17  Pylon  
  161  10:22  High Templar  
  163  10:30  Photon Cannon  
  163  10:32  Photon Cannon  
  163  10:34  Shield Battery, Zealot x4  
  171  10:35  Zealot  
  171  10:38  Immortal (Chrono Boost)  
  179  10:44  High Templar  
  179  10:48  Warp Prism (Chrono Boost)  
  181  10:50  Probe  
  181  10:51  Probe x2  
  184  11:01  Zealot, High Templar x3  
  184  11:02  Zealot, High Templar  
  196  11:04  Pylon  
  196  11:05  Archon  
  196  11:07  Archon  
  184  11:27  Robotics Bay  
  184  11:29  Stargate  
  184  11:31  Zealot x5, Fleet Beacon  
  184  11:34  Zealot x3  
  186  11:54  Zealot x9  
  178  12:06  Archon  
  154  12:10  Carrier (Chrono Boost)  
  154  12:11  Carrier (Chrono Boost)  
  147  12:17  Immortal x2 (Chrono Boost)  
  162  12:29  High Templar x4  
  170  12:30  High Templar  
  170  12:34  Zealot x2  
  166  12:44  Zealot  
  166  12:47  Immortal x2 (Chrono Boost), Assimilator  
  168  12:51  Assimilator  
  168  12:55  Stalker  
  176  13:13  Zealot x4  
  176  13:14  Zealot x3  
  194  13:32  Observer  
  191  13:39  Zealot x4  
  191  13:40  Zealot  
  195  13:57  Nexus  
  195  13:59  Pylon  
  195  14:02  Archon  
Show
View Real Time Build Order
Export as new Build Order

Reaper Zerg 

Build Orders: Hatch First, Lurkers 

Get SALT Encoding   

  12  0:00  Drone  
  13  0:09  Drone  
  14  0:34  Hatchery  
  13  0:37  Drone  
  14  0:46  Overlord  
  14  0:56  Drone, Extractor x2  
  13  0:57  Drone  
  16  1:05  Drone  
  17  1:15  Spawning Pool  
  17  1:18  Drone  
  17  1:22  Drone  
  18  1:33  Drone  
  19  1:44  Drone  
  20  1:47  Drone  
  21  1:55  Drone  
  21  2:00  Drone  
  23  2:02  Queen x2  
  23  2:05  Drone  
  28  2:17  Hatchery  
  28  2:21  Zergling x2  
  28  2:24  Overlord  
  28  2:28  Overlord  
  28  2:43  Drone x4  
  32  2:49  Queen  
  34  2:51  Queen  
  34  2:56  Zergling x2  
  34  2:57  Zergling x2  
  38  3:04  Overlord  
  38  3:05  Extractor  
  38  3:06  Drone, Extractor  
  38  3:12  Drone x3  
  40  3:14  Drone  
  40  3:16  Drone  
  42  3:22  Overlord  
  42  3:24  Drone  
  43  3:33  Overlord  
  43  3:35  Drone x2  
  45  3:42  Drone  
  47  3:48  Drone x2  
  47  3:49  Lair  
  47  3:54  Spore Crawler, Evolution Chamber  
  46  4:04  Drone x3, Roach Warren  
  46  4:05  Drone  
  49  4:10  Queen  
  49  4:17  Drone x3  
  52  4:23  Zerg Missile Weapons Level 1  
  54  4:31  Drone  
  54  4:32  Drone x3  
  54  4:33  Overlord  
  54  4:36  Drone  
  54  4:37  Drone  
  60  4:40  Spore Crawler  
  60  4:44  Spore Crawler  
  57  4:47  Spore Crawler  
  57  4:50  Glial Reconstitution  
  56  4:54  Overlord  
  56  4:59  Drone x7  
  64  5:03  Drone  
  65  5:11  Drone x4  
  65  5:12  Drone  
  68  5:14  Extractor x2  
  68  5:19  Drone x3  
  69  5:23  Queen  
  69  5:28  Drone x6  
  69  5:49  Drone x3  
  72  5:59  Overlord  
  72  6:03  Drone  
  69  6:05  Drone x3, Hatchery  
  69  6:08  Roach x4  
  69  6:09  Roach, Overlord x3  
  81  6:11  Overlord  
  81  6:16  Overseer  
  81  6:21  Roach x2  
  81  6:23  Zerg Missile Weapons Level 2, Roach  
  81  6:25  Roach  
  89  6:26  Overlord  
  89  6:31  Overlord  
  89  6:34  Roach x4  
  89  6:36  Roach x2  
  100  6:41  Overlord  
  100  6:42  Roach  
  100  6:45  Roach x2  
  100  6:46  Roach  
  108  6:47  Roach  
  108  6:52  Roach x3  
  116  6:58  Roach x2  
  120  7:05  Roach x3  
  120  7:06  Roach, Overlord  
  120  7:08  Overlord  
  128  7:13  Overlord  
  128  7:21  Roach x5  
  138  7:25  Overlord  
  138  7:27  Overlord  
  140  7:37  Roach x3  
  140  7:38  Roach x2  
  140  7:40  Ravager x4  
  140  7:41  Ravager  
  140  7:43  Roach x3  
  159  7:46  Roach, Overlord x2  
  159  7:50  Roach x2  
  165  7:55  Roach  
  165  7:56  Roach  
  169  8:03  Roach x3  
  169  8:04  Overlord x3  
  160  8:14  Roach  
  160  8:15  Roach x3  
  160  8:18  Roach  
  157  8:22  Roach x4  
  150  8:27  Roach x2  
  152  8:36  Roach  
  152  8:39  Roach x3  
  146  8:41  Roach  
  146  8:45  Drone x11  
  133  8:57  Extractor  
  133  8:58  Extractor  
  133  9:00  Infestation Pit  
  133  9:02  Hydralisk Den  
  123  9:04  Queen x2  
  123  9:08  Extractor x2  
  123  9:09  Spine Crawler  
  124  9:10  Spine Crawler  
  124  9:12  Spine Crawler  
  124  9:13  Spine Crawler  
  124  9:15  Drone x3  
  124  9:16  Drone x3  
  129  9:22  Drone x5  
  129  9:26  Drone x3  
  129  9:30  Drone x3  
  135  9:36  Lurker Den  
  134  9:40  Drone x3  
  134  9:43  Hive, Overlord  
  135  9:49  Roach x5  
  145  9:54  Roach x2  
  145  9:55  Roach  
  145  9:59  Roach x3  
  157  10:03  Grooved Spines  
  157  10:05  Hydralisk  
  159  10:09  Hydralisk x3  
  159  10:12  Hydralisk  
  167  10:18  Hydralisk x2  
  167  10:20  Hydralisk  
  173  10:27  Hydralisk x3  
  179  10:38  Drone  
  179  10:41  Lurker x4  
  184  10:43  Lurker  
  185  10:54  Seismic Spines  
  184  11:02  Hydralisk  
  184  11:03  Hydralisk x5  
  196  11:09  Overlord  
  193  11:34  Hydralisk  
  193  11:35  Hydralisk x4  
  176  11:55  Lurker  
  176  11:56  Lurker x7  
  158  12:02  Hydralisk x2  
  115  12:19  Hydralisk  
  115  12:20  Hydralisk x5  
  104  12:40  Hydralisk  
  104  12:43  Lurker  
  105  12:45  Drone  
  105  12:46  Drone x2  
  105  12:47  Drone x5  
  105  12:49  Extractor  
  110  12:56  Drone  
  110  12:57  Drone  
  110  12:58  Drone x6  
  118  13:02  Spine Crawler  
  118  13:03  Adaptive Talons, Spine Crawler  
  118  13:05  Spine Crawler  
  115  13:06  Hatchery  
  115  13:10  Drone x3  
  117  13:13  Spine Crawler  
  117  13:14  Spine Crawler  
  117  13:15  Spine Crawler  
  114  13:22  Hydralisk x3  
  116  13:30  Hydralisk x2  
  110  13:34  Lurker  
Tags
 
Add a new tag
Caveats
  • Supply blocks, unpowered buildings, or Contaminate may cause inaccurate times.
  • Supply counts are checked every 10 seconds.